 Dungeon Crawl Stone Soup version 0.28.0-1-gb440e238dd (webtiles) character file.

Game seed: 8032473862417664947

23 a3don the Caller (level 2, 0/11 HPs)
             Began as a Felid Summoner on Feb 22, 2022.
             Slain by a kobold (2 damage)
             ... on level 4 of the Dungeon.
             The game lasted 00:02:35 (1201 turns).

a3don the Caller (Felid Summoner)                   Turns: 1201, Time: 00:02:36

Health: 0/11       AC:  1    Str:  4    XL:     2   Next: 75%
Magic:  1/6        EV: 18    Int: 16    God:
Gold:   36         SH:  0    Dex: 16    Spells: 2/5 levels left
                                        Lives:  0   Deaths: 0

rFire   . . .      SeeInvis +   (weapon unavailable)
rCold   . . .      Faith    .   (shield unavailable)
rNeg    . . .      Spirit   .   (armour unavailable)
rPois   .          Reflect  .   (helmet unavailable)
rElec   .          Harm     .   (cloak unavailable)
rCorr   .          Rampage  .   (gloves unavailable)
Will    .....                   (boots unavailable)
Stlth   ++........              (no amulet)
HPRegen 0.03/turn               (no ring)
MPRegen 0.10/turn               (no ring)

@: very slightly contaminated, quick
A: very small, claws 1, fangs 3, see invisible, speed 1, shaggy fur 1, stealthy
paws, no weapons or thrown items, no armour, multi-lived
a: no special abilities


You were on level 4 of the Dungeon.
You visited 1 branch of the dungeon, and saw 3 of its levels.

You collected 36 gold pieces.

Inventory:

Scrolls
 a - a scroll of vulnerability {unknown}
 c - a scroll of enchant armour {unknown}
Potions
 b - a potion of resistance {unknown}
 d - a potion of curing {unknown}


   Skills:
 + Level 3.2 Dodging
 + Level 3.2 Stealth
 + Level 2.3 Spellcasting
 + Level 4.2 Summonings


You had 2 spell levels left.
You knew the following spells:

 Your Spells              Type           Power      Damage    Failure   Level
a - Summon Small Mammal   Summ           60%        N/A       3%          1
b - Call Imp              Summ           15%        N/A       5%          2

Your spell library contained the following spells:

 Spells                   Type           Power      Damage    Failure   Level
 Call Canine Familiar     Summ           15%        N/A       11%         3
 Summon Guardian Golem    Hex/Summ       8%         N/A       26%         3
 Summon Lightning Spire   Summ/Air       8%         N/A       63%         4


Dungeon Overview and Level Annotations

Branches:
Dungeon (2/15)

Altars:

Shops:
D:1 [


Innate Abilities, Weirdness & Mutations

You have sharp claws.
You have razor-sharp teeth.
You have supernaturally acute eyesight. (SInv)
You cover ground quickly. (Speed+)
You are covered in fur. (AC +1)
Your paws help you pounce on unaware monsters.
You are incapable of wielding weapons or throwing items.
You cannot wear armour.
You gain extra lives every three experience levels.


Message History

Found a glass ring and a club.
Casting: Summon Small Mammal (safe; 3% risk of failure)
Confirm with . or Enter, or press ? or * to list all spells.
The kobold shouts!
Casting: Summon Small Mammal (safe; 3% risk of failure)
Confirm with . or Enter, or press ? or * to list all spells.
The kobold throws a stone.
The stone hits you.
You swap places.
There is an open door here.
You barely miss the kobold.
The kobold hits you with a +1 dagger of protection.
The kobold barely misses your rat.
Casting: Summon Small Mammal (safe; 3% risk of failure)
Confirm with . or Enter, or press ? or * to list all spells.
Your rat barely misses the kobold.
The kobold hits your rat with a +1 dagger of protection.
Your rat bites the kobold but does no damage.
The kobold hits your rat with a +1 dagger of protection.
Your rat dies!
Your rat's corpse disappears in a puff of smoke!
Casting: Summon Small Mammal (safe; 3% risk of failure)
Confirm with . or Enter, or press ? or * to list all spells.
You miscast Call Imp.
You are very lightly contaminated with residual magic.
Nothing appears to happen.
Casting: Call Imp (safe; 5% risk of failure)
Confirm with . or Enter, or press ? or * to list all spells.
You scratch the kobold but do no damage.
Your rat barely misses the kobold.
The kobold hits you with a +1 dagger of protection.
* * * LOW HITPOINT WARNING * * *
Your rat misses the kobold.
Your rat barely misses the kobold.
Your rat misses the kobold.
Your rat bites the kobold but does no damage.
An ogre comes into view. It is wielding a +0 giant club.
You scratch the kobold but do no damage.
The ogre shouts!
The kobold hits you with a +1 dagger of protection.
You die...

###.....# .
#.......# ..
+.......# ...
#.......# ....
##......# .....
### ######'##...#
#...##......'....#
.........r..#....#
.O.....@Kr..#.=..#
....##########...#
... ...# # ...#
.). ...#


You could see an ogre, a kobold (ally target) and 2 friendly rats.

Vanquished Creatures
  A jackal (D:1)
1 creature vanquished.

Vanquished Creatures (collateral kills)
  A dart slug (D:4)
  A bat (D:1)
  2 endoplasms (D:1)
  A giant cockroach (D:1)
  2 hobgoblins (D:1)
  2 jackals (D:1)
  A quokka (D:1)
  2 ball pythons (D:1)
  A frilled lizard (D:1)
  2 goblins (D:1)
  2 kobolds (D:1)
  2 rats (D:1)
19 creatures vanquished.

Grand Total: 20 creatures vanquished

Notes
Turn   | Place    | Note
-------+----------+-------------------------------------------
     0 | D:1      | a3don the Felid Summoner began the quest for the Orb.
     0 | D:1      | Reached XP level 1. HP: 7/7 MP: 4/4
   168 | D:1      | Found Docvoer's Armour Boutique.
   188 | D:1      | Found a faded altar of an unknown god.
   382 | D:1      | Reached XP level 2. HP: 11/11 MP: 3/6
   385 | D:1      | Learned a level 2 spell: Call Imp
  1029 | D:2      | You fall into a shaft and drop 2 floors!
  1199 | D:4      | Noticed an ogre
  1201 | D:4      | Slain by a kobold

Illustrated notes

Levels and vault maps discovered:
D:1:      dpeg_arrival_boxes_within_box, layout_basic,
          shapermc_ecumenical_altar_flowoftime, serial_shops,
          nicolae_shop_behind_doors
D:2:      layout_rooms
D:4:      layout_gridville, mainiacjoe_overflow_paths, kennysheep_mini_moat,
          portal_sewer_entry_e, uniq_sigmund, uniq_duvessa, uniq_ijyb

Skill      XL: |  1 |
---------------+----+-----
Stealth        | 3 |  3.2
Dodging        | 3 |  3.2
Spellcasting   | |  2.3
Summonings     | |  4.2

Action                   || total
-------------------------++-------
Melee: Unarmed           ||    10
 Cast: Summon Small Mamm ||    42
       Call Imp          ||     3
Dodge: Dodged            ||    21
